APP
WASHINGTON (APP) NATIONALS @ BRISTOL PIRATES
08/22/2047
 
TOP OF THE 1ST
Washington (APP) Nationals batting - Pitching for Bristol Pirates : RHP Jerry Spitler
Pitching: RHP Jerry Spitler
Batting: LHB Vince McLane 0-0: TRIPLE (Flyball, 8RXD, EV 93.1 MPH)
Batting: RHB Xavier Reeves 0-0: Called Strike
0-1: Foul Ball, location: 2F
0-2: Ball
1-2: Strikes out swinging
Batting: LHB Chris Williams 0-0: Ball
1-0: Ball
2-0: Ball
3-0: Called Strike
3-1: Foul Ball, location: 2F
3-2: Ground out 1-3 (Groundball, 13S, EV 61.2 MPH)
Batting: SHB Curtis DeLille 0-0: Ball
1-0: Foul Ball, location: 2F
1-1: Ball
2-1: Foul Ball, location: 2F
2-2: Foul Ball, location: 2F
2-2: Ball
3-2: Ground out U3 (Groundball, 3, EV 108.8 MPH)
Top of the 1st over - 0 runs, 1 hit, 0 errors, 1 left on base; Washington (APP) 0 - Bristol 0
BOTTOM OF THE 1ST
Bristol Pirates batting - Pitching for Washington (APP) Nationals : RHP Ivan Bonilla
Pitching: RHP Ivan Bonilla
Batting: RHB Alex Arzate 0-0: Called Strike
0-1: Called Strike
0-2: Ball
1-2: Ball
2-2: Strikes out swinging
Batting: RHB Jeff Edwards 0-0: Called Strike
0-1: Ball
1-1: Ball
2-1: Foul Ball, location: 2F
2-2: Ball
3-2: Base on Balls
Batting: RHB Alain Marquet 0-0: Called Strike
0-1: Ball
1-1: 2-RUN HOME RUN (Flyball, 7LD, EV 90.0 MPH), Distance : 340 ft
Batting: LHB Chad Cutler 0-0: SOLO HOME RUN (Flyball, 89XD, EV 106.2 MPH), Distance : 408 ft
Batting: RHB Steve Terres 0-0: Ball
1-0: Ball
2-0: Foul Ball, location: 2F
2-1: Fly out, F9 (Line Drive, 9S, EV 106.2 MPH)
Batting: RHB Chris Arroyo 0-0: Ball
1-0: Called Strike
1-1: DOUBLE (Line Drive, 7LD, EV 111.9 MPH)
Batting: RHB Rusty Trader 0-0: Called Strike
0-1: Called Strike
0-2: Foul Ball, location: 2F
0-2: Ball
1-2: Foul Ball, location: 2F
1-2: Foul Ball, location: 2F
1-2: Foul Ball, location: 2F
1-2: 2-RUN HOME RUN (Line Drive, 7D, EV 106.9 MPH), Distance : 408 ft
Batting: RHB Jon Solis 0-0: Ball
1-0: Called Strike
1-1: Fly out, F7 (Flyball, 78S, EV 82.5 MPH)
Bottom of the 1st over - 5 runs, 4 hits, 0 errors, 0 left on base; Washington (APP) 0 - Bristol 5
TOP OF THE 2ND
Washington (APP) Nationals batting - Pitching for Bristol Pirates : RHP Jerry Spitler
Batting: RHB Er Le 0-0: Called Strike
0-1: Foul Ball, location: 2F
0-2: Ball
1-2: Ball
2-2: SINGLE (Line Drive, 89S, EV 104.4 MPH)
Batting: RHB Taffounnout Kame 0-0: Ball
1-0: Fielders Choice at 2nd, 6-4 (Groundball, 6, EV 100.0 MPH)
Batting: RHB Steve Kunselman 0-0: Called Strike
0-1: Ball
1-1: Called Strike
1-2: Strikes out swinging
Batting: RHB Jason Ewert 0-0: Called Strike
Taffounnout Kame steals 2nd base
0-1: Ball
1-1: Ball
2-1: Foul Ball, location: 2F
2-2: Ball
3-2: Strikes out swinging
Top of the 2nd over - 0 runs, 1 hit, 0 errors, 1 left on base; Washington (APP) 0 - Bristol 5
BOTTOM OF THE 2ND
Bristol Pirates batting - Pitching for Washington (APP) Nationals : RHP Ivan Bonilla
Batting: RHB Hidesuke Yoshida 0-0: Ball
1-0: Ball
2-0: Ball
3-0: Base on Balls
Batting: RHB Alex Arzate 0-0: Ball
1-0: Foul Ball, location: 2F
1-1: SINGLE (Flyball, 8RS, EV 93.8 MPH)
Hidesuke Yoshida to second
Runner from 2nd tries for 3rd, SAFE, throw by CF made to third
Pitching: RHP Matt Norris
Batting: RHB Jeff Edwards 0-0: Ball
1-0: Ball
Alex Arzate steals 2nd base
2-0: Ball
3-0: Called Strike
3-1: Base on Balls
Batting: RHB Alain Marquet 0-0: Ball
1-0: Ball
2-0: Called Strike
2-1: Ball
3-1: Base on Balls
Hidesuke Yoshida scores
Alex Arzate to third
Jeff Edwards to second
Batting: LHB Chad Cutler 0-0: Ball
1-0: Foul Ball, location: 2F
1-1: Ball
2-1: Fly out, F8 (Flyball, 8LD, EV 98.8 MPH)
Runner from 3rd tags up, SCORES, throw by CF
Jeff Edwards to third
Batting: RHB Steve Terres 0-0: Called Strike
0-1: Ball
1-1: Swinging Strike
1-2: Strikes out swinging
Batting: RHB Chris Arroyo 0-0: Foul Ball, location: 2F
0-1: Ball
1-1: Ball
2-1: Fielders Choice at 2nd, 4-6 (Groundball, 4MD, EV 91.9 MPH)
Bottom of the 2nd over - 2 runs, 1 hit, 0 errors, 2 left on base; Washington (APP) 0 - Bristol 7
TOP OF THE 3RD
Washington (APP) Nationals batting - Pitching for Bristol Pirates : RHP Jerry Spitler
Batting: LHB Tony Olvera 0-0: Ground out 4-3 (Groundball, 4, EV 83.1 MPH)
Batting: LHB Vince McLane 0-0: Ball
1-0: Swinging Strike
1-1: DOUBLE (Line Drive, 3D, EV 94.4 MPH)
Batting: RHB Xavier Reeves 0-0: Called Strike
0-1: Ball
1-1: Ball
2-1: Swinging Strike
2-2: Ground out 6-3 (Groundball, 6, EV 83.1 MPH)
Batting: LHB Chris Williams 0-0: DOUBLE (Flyball, 89D, EV 106.2 MPH)
Vince McLane scores
Batting: SHB Curtis DeLille 0-0: Ball
Passed Ball!
Chris Williams to third
1-0: Foul Ball, location: 2F
1-1: Ball
Passed Ball!
Chris Williams scores
2-1: Called Strike
2-2: Foul Ball, location: 2F
2-2: Foul Ball, location: 2F
2-2: Foul Ball, location: 2F
2-2: Strikes out looking
Top of the 3rd over - 2 runs, 2 hits, 0 errors, 0 left on base; Washington (APP) 2 - Bristol 7
BOTTOM OF THE 3RD
Bristol Pirates batting - Pitching for Washington (APP) Nationals : RHP Matt Norris
Pitching: LHP Mike Rosas
Batting: RHB Rusty Trader 0-0: Ball
1-0: Ball
2-0: Called Strike
2-1: Ball
3-1: Foul Ball, location: 2F
3-2: Foul Ball, location: 2F
3-2: Base on Balls
Batting: RHB Jon Solis 0-0: Called Strike
0-1: DOUBLE (Line Drive, 78XD, EV 110.6 MPH)
Rusty Trader to third
Batting: RHB Hidesuke Yoshida 0-0: Called Strike
0-1: Foul Ball, location: 2F
0-2: Ball
1-2: Hit by Pitch
Batting: RHB Alex Arzate 0-0: Called Strike
0-1: Called Strike
0-2: Fielders Choice at 2nd, 6-4 (Groundball, 6, EV 89.4 MPH)
Rusty Trader scores
Jon Solis to third
Batting: RHB Jeff Edwards 0-0: Called Strike
0-1: Ball
1-1: Ball
2-1: Ground out 4-3 (Groundball, 34, EV 87.5 MPH)
Jon Solis scores
Alex Arzate to second
Batting: RHB Alain Marquet 0-0: Foul Ball, location: 2F
0-1: Ball
1-1: Ball
2-1: Foul Ball, location: 2F
2-2: Strikes out swinging
Bottom of the 3rd over - 2 runs, 1 hit, 0 errors, 1 left on base; Washington (APP) 2 - Bristol 9
TOP OF THE 4TH
Washington (APP) Nationals batting - Pitching for Bristol Pirates : RHP Jerry Spitler
Batting: RHB Er Le 0-0: Ground out 6-3 (Groundball, 56, EV 86.2 MPH)
Batting: RHB Taffounnout Kame 0-0: Called Strike
0-1: Ball
1-1: Swinging Strike
1-2: Ball
2-2: Strikes out swinging
Batting: RHB Steve Kunselman 0-0: Called Strike
0-1: Foul Ball, location: 2F
0-2: Ball
1-2: Foul Ball, location: 2F
1-2: Strikes out swinging
Top of the 4th over - 0 runs, 0 hits, 0 errors, 0 left on base; Washington (APP) 2 - Bristol 9
BOTTOM OF THE 4TH
Bristol Pirates batting - Pitching for Washington (APP) Nationals : LHP Mike Rosas
Batting: LHB Chad Cutler 0-0: Ball
1-0: SINGLE (Groundball, 4MD, EV 103.8 MPH)
Batting: RHB Steve Terres 0-0: Ball
1-0: Foul Ball, location: 2F
1-1: Ball
2-1: Ball
3-1: Swinging Strike
3-2: Base on Balls
Chad Cutler to second
Batting: RHB Chris Arroyo 0-0: Swinging Strike
0-1: Foul Ball, location: 2F
0-2: Strikes out swinging
Batting: RHB Rusty Trader 0-0: Called Strike
0-1: Foul Ball, location: 2F
0-2: Ball
1-2: Ball
Passed Ball!
Chad Cutler to third
Steve Terres to second
2-2: Ball
3-2: Base on Balls
Batting: RHB Jon Solis 0-0: Ball
1-0: Foul Ball, location: 2F
1-1: Foul Ball, location: 2F
1-2: Ball
2-2: Foul Ball, location: 2F
2-2: Ball
3-2: Strikes out swinging
Batting: RHB Hidesuke Yoshida 0-0: Ball
1-0: Called Strike
1-1: Ball
2-1: Fly out, F5 (Line Drive, 6, EV 69.4 MPH)
Bottom of the 4th over - 0 runs, 1 hit, 0 errors, 3 left on base; Washington (APP) 2 - Bristol 9
TOP OF THE 5TH
Washington (APP) Nationals batting - Pitching for Bristol Pirates : RHP Jerry Spitler
Batting: RHB Jason Ewert 0-0: Called Strike
0-1: Ball
1-1: Ball
2-1: Ground out 6-3 (Groundball, 6M, EV 103.8 MPH)
Batting: LHB Tony Olvera 0-0: Ball
1-0: Fly out, F2 (Popup, 2RF, EV 90.0 MPH)
Batting: LHB Vince McLane 0-0: Called Strike
0-1: Ball
1-1: Foul Ball, location: 2F
1-2: Foul Ball, location: 2F
1-2: Strikes out swinging
Top of the 5th over - 0 runs, 0 hits, 0 errors, 0 left on base; Washington (APP) 2 - Bristol 9
BOTTOM OF THE 5TH
Bristol Pirates batting - Pitching for Washington (APP) Nationals : LHP Mike Rosas
Pitching: RHP Johnny Hallamore
Batting: RHB Alex Arzate 0-0: Swinging Strike
0-1: Ball
1-1: Hit by Pitch
Batting: RHB Jeff Edwards 0-0: Ball
1-0: Called Strike
1-1: Swinging Strike
1-2: Foul Ball, location: 2F
1-2: Foul Ball, location: 2F
1-2: Ball
2-2: Ball
3-2: Base on Balls
Alex Arzate to second
Batting: RHB Alain Marquet 0-0: Swinging Strike
0-1: Foul Ball, location: 2F
0-2: Ball
1-2: Grounds into double play, 5-4-3 (Groundball, 5, EV 91.2 MPH)
Alex Arzate to third
Batting: LHB Chad Cutler 0-0: Foul Ball, location: 2F
0-1: Foul Ball, location: 2F
0-2: DOUBLE (Line Drive, 9LS, EV 104.4 MPH)
Alex Arzate scores
Batting: RHB Steve Terres 0-0: Foul Ball, location: 2F
0-1: Called Strike
0-2: Foul Ball, location: 2F
0-2: Foul Ball, location: 2F
0-2: Ball
1-2: Ball
2-2: Ball
3-2: Base on Balls
Batting: RHB Chris Arroyo 0-0: Ball
1-0: Ball
2-0: TRIPLE (Groundball, 3L, EV 104.4 MPH)
Chad Cutler scores
Steve Terres scores
Batting: RHB Rusty Trader 0-0: Swinging Strike
0-1: Ball
1-1: Foul Ball, location: 2F
1-2: Ground out 6-3 (Groundball, 4MS, EV 84.4 MPH)
Bottom of the 5th over - 3 runs, 2 hits, 0 errors, 1 left on base; Washington (APP) 2 - Bristol 12
TOP OF THE 6TH
Washington (APP) Nationals batting - Pitching for Bristol Pirates : RHP Jerry Spitler
Batting: RHB Xavier Reeves 0-0: Swinging Strike
0-1: Ball
1-1: TRIPLE (Flyball, 78XD, EV 98.8 MPH)
Pitching: RHP Sakio Miyamoto
Batting: LHB Chris Williams 0-0: Ball
1-0: Swinging Strike
Passed Ball!
Xavier Reeves scores
1-1: Ball
2-1: Ball
3-1: Base on Balls
Batting: SHB Curtis DeLille 0-0: Called Strike
0-1: DOUBLE (Line Drive, 8LXD, EV 105.0 MPH)
Chris Williams to third
Batting: RHB Er Le 0-0: Ball
1-0: Ball
2-0: Ball
3-0: Called Strike
3-1: Base on Balls
Batting: RHB Taffounnout Kame 0-0: Ball
1-0: Foul Ball, location: 2F
1-1: Foul Ball, location: 2F
1-2: Ball
2-2: Strikes out looking
Batting: RHB Steve Kunselman 0-0: Ball
1-0: Swinging Strike
1-1: Foul Ball, location: 2F
1-2: Ball
2-2: DOUBLE (Line Drive, 7LS, EV 91.9 MPH)
Chris Williams scores
Curtis DeLille scores
Er Le to third
Runner from 3rd tries for Home, SAFE, throw by LF to home
Batting: RHB Jason Ewert 0-0: Foul Ball, location: 2F
0-1: Ground out 3-1 (Groundball, 34, EV 106.2 MPH)
Steve Kunselman to third
Batting: LHB Tony Olvera 0-0: Called Strike
0-1: Foul Ball, location: 2F
0-2: Strikes out looking
Top of the 6th over - 4 runs, 3 hits, 0 errors, 1 left on base; Washington (APP) 6 - Bristol 12
BOTTOM OF THE 6TH
Bristol Pirates batting - Pitching for Washington (APP) Nationals : RHP Johnny Hallamore
Batting: RHB Jon Solis 0-0: Foul Ball, location: 2F
0-1: Swinging Strike
0-2: Foul Ball, location: 2F
0-2: Strikes out looking
Batting: RHB Hidesuke Yoshida 0-0: Foul Ball, location: 2F
0-1: Swinging Strike
0-2: Strikes out swinging
Batting: RHB Alex Arzate 0-0: Called Strike
0-1: Swinging Strike
0-2: SOLO HOME RUN (Flyball, 7D, EV 102.5 MPH), Distance : 389 ft
Pitching: RHP Greg Hall
Batting: RHB Jeff Edwards 0-0: Called Strike
0-1: Foul Ball, location: 2F
0-2: Ground out 5-3 (Groundball, 56, EV 88.8 MPH)
Bottom of the 6th over - 1 run, 1 hit, 0 errors, 0 left on base; Washington (APP) 6 - Bristol 13
TOP OF THE 7TH
Washington (APP) Nationals batting - Pitching for Bristol Pirates : RHP Sakio Miyamoto
Batting: LHB Vince McLane 0-0: Ball
1-0: SINGLE (Groundball, 4S, EV 58.8 MPH) (infield hit)
Pitching: LHP Latrell Tisdale
Batting: RHB Xavier Reeves 0-0: Ball
1-0: Swinging Strike
1-1: Ball
2-1: Foul Ball, location: 2F
2-2: Fly out, F8 (Line Drive, 89M, EV 93.8 MPH)
Pinch Hitting: RHB Antonio Vallez Pickoff Throw to First - Out! 1-3 CS
0-0: Ball
1-0: Ball
2-0: Ball
3-0: Base on Balls
Batting: SHB Curtis DeLille 0-0: Fly out, F9 (Flyball, 89S, EV 78.1 MPH)
Top of the 7th over - 0 runs, 1 hit, 0 errors, 1 left on base; Washington (APP) 6 - Bristol 13
BOTTOM OF THE 7TH
Bristol Pirates batting - Pitching for Washington (APP) Nationals : RHP Greg Hall
Now at 3B: Antonio Vallez
Now in RF: Taffounnout Kame
Pinch Hitting: RHB Randy Bergman 0-0: Ball
1-0: Ball
2-0: Called Strike
2-1: Swinging Strike
2-2: Fly out, F7 (Flyball, 7, EV 79.4 MPH)
Batting: LHB Chad Cutler 0-0: Ball
1-0: Ball
2-0: Called Strike
2-1: SINGLE (Line Drive, 6D, EV 98.1 MPH)
Batting: RHB Steve Terres 0-0: Foul Ball, location: 2F
0-1: Called Strike
0-2: Ball
1-2: Fly out, F3 (Popup, 3L, EV 72.5 MPH)
Batting: RHB Chris Arroyo 0-0: Called Strike
0-1: Ball
1-1: Ball
2-1: Foul Ball, location: 2F
2-2: Strikes out swinging
Bottom of the 7th over - 0 runs, 1 hit, 0 errors, 1 left on base; Washington (APP) 6 - Bristol 13
TOP OF THE 8TH
Washington (APP) Nationals batting - Pitching for Bristol Pirates : LHP Latrell Tisdale
Now at 1B: Norm Silveira-Wray
Batting: RHB Er Le 0-0: Called Strike
0-1: Foul Ball, location: 2F
0-2: Ball
1-2: Foul Ball, location: 2F
1-2: Ball
2-2: SINGLE (Line Drive, 8RS, EV 110.6 MPH)
Batting: RHB Taffounnout Kame 0-0: Ball
1-0: Ball
2-0: Called Strike
2-1: Ball
3-1: Foul Ball, location: 2F
3-2: Strikes out swinging
Batting: RHB Steve Kunselman 0-0: Called Strike
0-1: Ball
1-1: Foul Ball, location: 2F
1-2: Ball
2-2: Strikes out swinging
Pitching: RHP Eldon Darrah
Batting: RHB Jason Ewert 0-0: Ball
Wild Pitch!
Er Le to second
1-0: Called Strike
1-1: Called Strike
1-2: Ball
2-2: Ball
3-2: Ground out 6-3 (Groundball, 6, EV 106.2 MPH)
Top of the 8th over - 0 runs, 1 hit, 0 errors, 1 left on base; Washington (APP) 6 - Bristol 13
BOTTOM OF THE 8TH
Bristol Pirates batting - Pitching for Washington (APP) Nationals : RHP Greg Hall
Pinch Hitting: RHB Erik Mulligan 0-0: Called Strike
0-1: Foul Ball, location: 2F
0-2: Ground out 1-3 (Groundball, 15, EV 70.0 MPH)
Pitching: RHP Omar Perez
Batting: RHB Jon Solis 0-0: Ball
1-0: Foul Ball, location: 2F
1-1: SOLO HOME RUN (Flyball, 8LXD, EV 104.4 MPH) (Inside the Park)
Batting: RHB Hidesuke Yoshida 0-0: Ball
1-0: Swinging Strike
1-1: Ball
2-1: SINGLE (Flyball, 3D, EV 91.9 MPH)
Batting: RHB Alex Arzate 0-0: Called Strike
0-1: Foul Ball, location: 2F
0-2: Ball
1-2: Foul Ball, location: 2F
1-2: Fielders Choice at 2nd, 6-4 (Groundball, 6MS, EV 86.2 MPH)
Batting: RHB Jeff Edwards 0-0: Called Strike
0-1: Ball
1-1: Foul Ball, location: 2F
1-2: Ball
2-2: Foul Ball, location: 2F
2-2: Ball
3-2: Base on Balls
Alex Arzate to second
Batting: LHB Norm Silveira-Wray 0-0: Ball
1-0: Foul Ball, location: 2F
1-1: Foul Ball, location: 2F
1-2: Foul Ball, location: 2F
1-2: DOUBLE (Groundball, 3L, EV 103.8 MPH)
Alex Arzate scores
Jeff Edwards to third
Pitching: RHP Cheng-ho Tai
Batting: LHB Chad Cutler 0-0: Ball
1-0: Called Strike
1-1: Foul Ball, location: 2F
1-2: 3-RUN HOME RUN (Flyball, 9LD, EV 91.9 MPH), Distance : 326 ft
Batting: RHB Steve Terres 0-0: Ball
1-0: Ball
2-0: Ball
3-0: Called Strike
3-1: Base on Balls
Batting: RHB Chris Arroyo 0-0: Ball
1-0: Ball
2-0: Foul Ball, location: 2F
2-1: SINGLE (Groundball, 5D, EV 104.4 MPH)
Steve Terres to second
Batting: RHB Erik Mulligan 0-0: Fly out, F8 (Line Drive, 78M, EV 105.6 MPH)
Bottom of the 8th over - 5 runs, 5 hits, 0 errors, 2 left on base; Washington (APP) 6 - Bristol 18
TOP OF THE 9TH
Washington (APP) Nationals batting - Pitching for Bristol Pirates : RHP Eldon Darrah
Now at 2B: Erik Mulligan
Pinch Hitting: RHB Justin Davenport 0-0: Ball
1-0: Ground out 1-6-3 (Groundball, 15S, EV 108.1 MPH)
Batting: LHB Vince McLane 0-0: SINGLE (Groundball, 5S, EV 73.1 MPH) (infield hit)
Batting: RHB Xavier Reeves 0-0: Ball
1-0: Called Strike
1-1: Foul Ball, location: 2F
1-2: Ball
2-2: Foul Ball, location: 2F
2-2: Strikes out swinging
Batting: RHB Antonio Vallez 0-0: Ball
1-0: Foul Ball, location: 2F
1-1: Ball
2-1: Foul Ball, location: 2F
2-2: Ground out 4-3 (Groundball, 4MS, EV 65.0 MPH)
Top of the 9th over - 0 runs, 1 hit, 0 errors, 1 left on base; Washington (APP) 6 - Bristol 18
Thursday, December 15th , 2022 - OOTP Baseball 23.9 Build 102